 Dungeon Crawl Stone Soup version 0.21-a0-404-g291f19a (webtiles) character file.

239 FerrousOx the Digger (level 5, -1/29 HPs)
             Began as a Deep Elf Earth Elementalist on Oct 31, 2017.
             Slain by Grinder (4 damage)
             ... while paralysed by Grinder
             ... on level 3 of the Dungeon.
             The game lasted 00:10:45 (3304 turns).

FerrousOx the Digger (Deep Elf Earth Elementalist)  Turns: 3304, Time: 00:10:45

Health: -1/29      AC:  6    Str:  5    XL:     5   Next: 79%
Magic:  5/14       EV:  2    Int: 21    God:
Gold:   145        SH:  0    Dex: 15    Spells: 5/14 levels left

rFire    . . .     SeeInvis +   g - +0 dagger (protect)
rCold    . . .     Gourm    .   (no shield)
rNeg     . . .     Faith    .   c - +0 robe
rPois    .         Spirit   .   (no helmet)
rElec    .         Reflect  .   (no cloak)
rCorr    .         Harm     .   (no gloves)
MR       .....                  (no boots)
Stlth    ++........             (no amulet)
HPRegen  0.09/turn              t - ring of see invisible
MPRegen  0.14/turn              w - +4 ring of protection

@: paralysed
A: no striking features
a: no special abilities


You were on level 3 of the Dungeon.
You were not hungry.

You visited 1 branch of the dungeon, and saw 3 of its levels.

You collected 145 gold pieces.

Inventory:

Hand Weapons
 g - a +0 dagger of protection (weapon)
 v - a +2 dagger of venom
Missiles
 b - 83 stones (quivered)
Armour
 c - a +0 robe (worn)
Jewellery
 t - a ring of see invisible (left hand)
 w - a +4 ring of protection (right hand)
Scrolls
 a - 3 scrolls of remove curse {unknown}
 k - 3 scrolls of teleportation {unknown}
 n - a scroll of enchant weapon {unknown}
 q - 4 scrolls of identify {unknown}
 s - a scroll of amnesia {unknown}
 y - a scroll of blinking {unknown}
Potions
 f - 3 potions of flight {unknown}
 h - a potion of haste {unknown}
 l - a potion of ambrosia {unknown}
 m - a potion of lignification {unknown}
 o - 2 potions of degeneration {unknown}
 p - a potion of mutation {unknown}
 r - a potion of berserk rage {unknown}
 u - 2 potions of curing {unknown}
Books
 e - a book of Geomancy

   Spells                             Type                      Level
   a - Sandblast                      Earth                        1
   b - Passwall                       Transmutation/Earth          2
   c - Stone Arrow                    Conjuration/Earth            3
   d - Petrify                        Transmutation/Earth          4
   e - Lee's Rapid Deconstruction     Earth                        5
Comestibles
 d - 2 bread rations
 i - 2 royal jellies
 j - a meat ration
 x - a chunk of flesh


   Skills:
 * Level 1.5 Fighting
 - Level 2.4 Dodging
 - Level 2.4 Stealth
 * Level 5.2 Spellcasting
 + Level 1.1 Conjurations
   Level 1.1 Transmutations
 * Level 5.4 Earth Magic


You had 5 spell levels left.
You knew the following spells:

 Your Spells              Type           Power        Failure   Level  Hunger
a - Sandblast             Erth           ####..       1%          1    None
b - Stone Arrow           Conj/Erth      ###...       9%          3    ##.....
c - Lee's Rapid Deconstr  Erth           ####......   30%         5    #####..


Dungeon Overview and Level Annotations

Branches:
Dungeon (3/15)

Altars:
Dithmenos
Elyvilon
Kikubaaqudgha
Okawaru
The Shining One

Annotations:
D:3 Grinder


Message History

Grinder is heavily wounded.
Casting: Stone Arrow
Confirm with . or Enter, or press ? or * to list all spells.
Aiming: Stone Arrow
Press: ? - help, Shift-Dir - straight line, f/p - Grinder
Aim: Grinder (heavily wounded)
The stone arrow hits Grinder.
Grinder is severely wounded.
You barely miss Grinder.
Grinder is severely wounded.
Grinder says, "FISH!"
Grinder hits you!
* * * LOW HITPOINT WARNING * * *
You writhe in agony.
* * * LOW HITPOINT WARNING * * *
Grinder says, "Mostly I couldn't keep them alive."
Grinder gestures at you.
You suddenly lose the ability to move!
Grinder hits you.
You die...

#...##.##..########..
#.#....##.#.#########
#........###......... ##
##.#....<.#.#########
#...###...........#.......
#.......5..................#
#.#...###.............####.#
#.## #.#5......##..####.#
#.# #.#@......##[.......
##.## #.#.#.##......####..
##...## #.#...######..####..
##.....#####.#..## #........
###............#...#
#..####..
...........######..# #..#
##. ###.......## #..#
#>.#####. # ##......# #..#
#........ # ##...#.# ##..#
#........


You could see Grinder.

Vanquished Creatures
  An ice beast (D:1)
  6 adders
  An ooze (D:1)
  3 worms
  3 dart slugs
  2 leopard geckos
  An orc (D:3)
  3 bats
  7 goblins
  11 hobgoblins
  7 jackals (D:1)
  3 quokkas
  A ball python (D:2)
  4 frilled lizards
  4 kobolds (D:1)
  10 rats
67 creatures vanquished.

Vanquished Creatures (others)
  A goblin (D:1)
1 creature vanquished.

Grand Total: 68 creatures vanquished

Notes
Turn   | Place    | Note
-------+----------+-------------------------------------------
     0 | D:1      | FerrousOx the Deep Elf Earth Elementalist began the quest for the Orb.
     0 | D:1      | Reached XP level 1. HP: 10/10 MP: 6/6
    41 | D:1      | Reached XP level 2. HP: 10/15 MP: 0/8
   753 | D:1      | Reached XP level 3. HP: 20/20 MP: 8/10
  1011 | D:2      | Found an ancient bone altar of Kikubaaqudgha.
  1011 | D:2      | Found a glowing golden altar of the Shining One.
  1359 | D:2      | Noticed an ice beast
  1579 | D:3      | Reached XP level 4. HP: 24/24 MP: 12/12
  1622 | D:3      | Learned a level 3 spell: Stone Arrow
  2064 | D:3      | Noticed Grinder
  2090 | D:3      | Paralysed by Grinder for 2 turns
  2217 | D:2      | Reached skill level 1 in Fighting
  2342 | D:1      | Killed an ice beast
  2342 | D:1      | Reached skill level 5 in Spellcasting
  2342 | D:1      | Reached skill level 1 in Conjurations
  2342 | D:1      | Reached skill level 5 in Earth Magic
  2342 | D:1      | Reached XP level 5. HP: 15/29 MP: 5/14
  2502 | D:1      | Learned a level 5 spell: Lee's Rapid Deconstruction
  2640 | D:2      | Found a shadowy altar of Dithmenos.
  2641 | D:2      | Found an iron altar of Okawaru.
  2871 | D:2      | Found a white marble altar of Elyvilon.
  3303 | D:3      | Paralysed by Grinder for 3 turns
  3304 | D:3      | Slain by Grinder

Vault maps used:
D:1:      shiori_arrival_oz
D:2:      nicolae_overflow_hidden_temple, gammafunk_temple_overflow_pools
D:3:      first_bread, uniq_grinder

Skill      XL: |  1  2  3  4 |
---------------+-------------+-----
Earth Magic    | 4 5 |  5.4
Spellcasting   | 4 5 |  5.2
Fighting       | 1 |  1.5
Conjurations   | 1 |  1.1
Dodging        | |  2.4
Stealth        | |  2.4
Transmutations | |  1.1

Action                   |  1- 3 |  4- 6 || total
-------------------------+-------+-------++-------
Melee: Unarmed           |    18 |       ||    18
       Dagger            |    23 |    73 ||    96
 Cast: Sandblast         |    54 |    23 ||    77
       Stone Arrow       |       |    12 ||    12
 Stab: Sleeping          |       |     2 ||     2
  Eat: Chunk             |     2 |     6 ||     8
Armor: Robe              |    16 |    24 ||    40
Dodge: Dodged            |    52 |    52 ||   104

Table legend:
 A = Spawn XP
 B = Non-spawn XP
 C = Spawn XP percentage of total XP
 D = Spawn monster count
 E = Non-spawn monster count
 F = Spawn count percentage of total count
 G = Total turns spent on level
                    A         B        C        D         E        F      G
               +---------+---------+-------+---------+---------+-------+---------
         Total |       0 |     342 |   0.0 |       0 |      67 |   0.0 |  3304
               +---------+---------+-------+---------+---------+-------+---------
           D:1 |       0 |     183 |   0.0 |       0 |      24 |   0.0 |  1261
           D:2 |       0 |      91 |   0.0 |       0 |      28 |   0.0 |  1101
           D:3 |       0 |      68 |   0.0 |       0 |      15 |   0.0 |   942
               +---------+---------+-------+---------+---------+-------+---------
